 Dungeon Crawl Stone Soup version 0.24-a0-769-g368c1644f8 (webtiles) character file.

Game seed: 182325815988110245, levelgen mode: deterministic

174 MalarOregon the Conjurer (level 5, -3/38 HPs)
             Began as a Draconian Conjurer on Oct 5, 2019.
             Slain by a sky beast (6 damage)
             ... on level 3 of the Dungeon.
             The game lasted 00:05:56 (3268 turns).

MalarOregon the Conjurer (Draconian Conjurer)       Turns: 3268, Time: 00:05:56

Health: -3/38      AC:  5    Str: 10    XL:     5   Next: 28%
Magic:  0/10       EV: 13    Int: 16    God:
Gold:   171        SH:  0    Dex: 12    Spells: 4/11 levels left

rFire    . . .     SeeInvis .   o - +0 falchion
rCold    . . .     Gourm    .   (no shield)
rNeg     . . .     Faith    .   (armour unavailable)
rPois    .         Spirit   .   (helmet restricted)
rElec    .         Reflect  .   (no cloak)
rCorr    .         Harm     .   (no gloves)
MR       .....                  (no boots)
Stlth    ++........             (no amulet)
HPRegen  0.12/turn              (no ring)
MPRegen  0.12/turn              (no ring)

@: no status effects
A: unfitting armour, cold-blooded, AC +5
a: no special abilities


You were on level 3 of the Dungeon.
You were not hungry.

You visited 1 branch of the dungeon, and saw 3 of its levels.

You collected 171 gold pieces.

Inventory:

Hand Weapons
 o - a +0 falchion (weapon)
   (You found it on level 3 of the Dungeon)
Wands
 c - a wand of disintegration (8)
   (You found it on level 3 of the Dungeon)
 t - a wand of flame (17)
   (You took it off Jessica on level 2 of the Dungeon)
Scrolls
 a - 3 scrolls of remove curse {unknown}
 f - 2 scrolls of magic mapping {unknown}
 g - 3 scrolls of identify {unknown}
 h - 3 scrolls of teleportation {unknown}
 m - a scroll of fog {unknown}
 n - a scroll of immolation {unknown}
 r - a scroll of noise {unknown}
Potions
 b - 3 potions of heal wounds {unknown}
 d - 2 potions of might {unknown}
 i - a potion of curing {unknown}
 j - 2 potions of agility {unknown}
 k - a potion of resistance {unknown}
 l - 2 potions of flight {unknown}
 q - 2 potions of degeneration {unknown}
 s - a potion of lignification {unknown}
Comestibles
 e - 8 rations {!d}


   Skills:
 + Level 2.9 Dodging
 - Level 1.7 Stealth
 * Level 3.8 Spellcasting
 + Level 4.7 Conjurations


You had 4 spell levels left.
You knew the following spells:

 Your Spells              Type           Power        Failure   Level  Hunger
a - Magic Dart            Conj           ###.         2%          1    None
s - Searing Ray           Conj           ###...       3%          2    ##.....
x - Iskenderun's Mystic   Conj           ###.....     24%         4    ####...

Your spell library contained the following spells:

 Spells                   Type           Power        Failure   Level  Hunger
 Dazzling Spray           Conj/Hex       ##....       19%         3    ###....
 Force Lance              Conj/Tloc      ##......     54%         4    ####...
 Fulminant Prism          Conj/Hex       ##........   54%         4    ####...


Dungeon Overview and Level Annotations

Branches:
Dungeon (3/15)

Altars:
Kikubaaqudgha
Ru
Uskayaw


Innate Abilities, Weirdness & Mutations

Your plain brown scales are hard. (AC +5)
You cannot fit into any form of body armour.
You are cold-blooded and may be slowed by cold attacks.


Message History

The sky beast flickers out of sight!
Deactivating autopickup; reactivate with Ctrl-A.
You can't see any susceptible monsters within range! (Use Z to cast anyway.) Unknown command.
You can't see any susceptible monsters within range! (Use Z to cast anyway.)
You enter the shallow water.
Moving in this stuff is going to be slow.
A sky beast appears from thin air!
Reactivating autopickup.
Aim: a sky beast (severely wounded)
The magic dart hits the sky beast.
The sky beast hits you. The sky beast shocks you.
Aim: a sky beast (severely wounded)
The orb of energy misses the sky beast.
The sky beast hits you. The sky beast shocks you.
The sky beast flickers out of sight!
Deactivating autopickup; reactivate with Ctrl-A.
You enter the shallow water.
Moving in this stuff is going to be slow.
A sky beast appears from thin air!
Reactivating autopickup.
The sky beast hits you but does no damage.
Aim: a sky beast (severely wounded)
The magic dart hits the sky beast.
The sky beast barely misses you.
You riposte.
You hit the sky beast.
The sky beast flickers out of sight!
Deactivating autopickup; reactivate with Ctrl-A.
The magic dart hits something but does no damage.
A sky beast appears from thin air!
Reactivating autopickup.
The sky beast hits you. The sky beast shocks you.
* * * LOW HITPOINT WARNING * * *
You hit the sky beast. The sky beast hits you.
* * * LOW HITPOINT WARNING * * *
The sky beast shocks you.
* * * LOW HITPOINT WARNING * * *
The sky beast hits you.
* * * LOW HITPOINT WARNING * * *
The sky beast shocks you.
* * * LOW HITPOINT WARNING * * *
The sky beast flickers out of sight!
Deactivating autopickup; reactivate with Ctrl-A.
A sky beast appears from thin air!
Reactivating autopickup.
Aim: a sky beast (almost dead)
The magic dart hits the sky beast but does no damage.
The sky beast hits you.
* * * LOW HITPOINT WARNING * * *
The sky beast shocks you.
You die...

#.........# #.........#
#############'###
#.Y....# #...##
#.####.######.#..####
#....#.#.≈..........#
###.#.#.###.≈#####.#
####..(#.#Y# ##.#(..#.#
#........#@# #.#(..#.#
#.##.....#.# #.#####.#
#.###......# #.....≈.#
#.###+##.### #..._...#
#........# ##.......#
###.....######..#####.#
##...................#
#............#########
#...........)#


You could see a sky beast.

Vanquished Creatures
  An orc priest (D:3)
  Jessica (D:2)
  Terence (D:2)
  Robin (D:2)
  2 adders (D:2)
  A worm (D:3)
  2 dart slugs
  A leopard gecko (D:3)
  2 orcs (D:3)
  5 bats
  3 giant cockroaches
  10 goblins
  5 hobgoblins
  4 jackals (D:1)
  4 kobolds
  A ball python (D:1)
  3 frilled lizards
  6 rats
53 creatures vanquished.

Notes
Turn   | Place    | Note
-------+----------+-------------------------------------------
     0 | D:1      | MalarOregon the Draconian Conjurer began the quest for the
                  | Orb.
     0 | D:1      | Reached XP level 1. HP: 14/14 MP: 3/3
   427 | D:1      | Reached XP level 2. HP: 20/20 MP: 0/5
  1137 | D:2      | Found a sacrificial altar of Ru.
  1148 | D:2      | Reached XP level 3. HP: 26/26 MP: 4/7
  1222 | D:2      | Noticed Jessica
  1254 | D:2      | Killed Jessica
  1524 | D:2      | Noticed Terence
  1529 | D:2      | Learned a level 2 spell: Searing Ray
  1634 | D:2      | Killed Terence
  1634 | D:2      | Reached XP level 4. HP: 20/33 MP: 2/8
  2007 | D:2      | Noticed Robin
  2021 | D:2      | Killed Robin
  2486 | D:3      | Reached XP level 5. HP: 16/38 MP: 6/10
  2732 | D:3      | Learned a level 4 spell: Iskenderun's Mystic Blast
  2822 | D:3      | Found an ancient bone altar of Kikubaaqudgha.
  2927 | D:3      | Noticed a +0 hand axe
  2927 | D:3      | Noticed a +0 hand axe
  2930 | D:3      | Found a hide-covered altar of Uskayaw.
  3173 | D:3      | Noticed a sky beast
  3268 | D:3      | Slain by a sky beast

Levels and vault maps discovered:
D:1:      elethiomel_arrival_quiet, layout_loops_ring, hangedman_decor_points
D:2:      layout_loops_ring, nicolae_ru_path_of_blood, uniq_terence, uniq_robin,
          uniq_jessica
D:3:      layout_basic, kiku_gazebo_pond_becter, dancing_weapons_uskayaw

Skill      XL: |  1  2  3 |
---------------+----------+-----
Dodging        | 2 |  2.9
Spellcasting   | 3 |  3.8
Stealth        | |  1.7
Conjurations   | |  4.7

Action                   |  1- 3 |  4- 6 || total
-------------------------+-------+-------++-------
Melee: Short sword       |    22 |       ||    22
       Flail             |       |    34 ||    34
       Tailslap          |       |     2 ||     2
       Falchion          |       |    12 ||    12
 Cast: Magic Dart        |    44 |    32 ||    76
       Searing Ray       |     3 |     3 ||     6
       Iskenderun's Myst |       |     1 ||     1
 Stab: Sleeping          |       |     1 ||     1
  Eat: Chunk             |     2 |     6 ||     8
Armor: Skin              |    12 |    15 ||    27
Dodge: Dodged            |    21 |    49 ||    70
       Rpst.: Falchion   |       |     3 ||     3

Table legend:
 A = Non-vault XP
 B = Vault XP
 C = Vault XP percentage of total XP
 D = Non-vault monster count
 E = Vault monster count
 F = Vault count percentage of total count
                 A         B        C        D         E       F
            +---------+---------+-------+---------+---------+-------
      Total |     149 |     100 |  40.2 |      44 |       9 |  17.0
            +---------+---------+-------+---------+---------+-------
        D:1 |      34 |       0 |   0.0 |      18 |       0 |   0.0
        D:2 |      32 |     100 |  75.8 |       6 |       9 |  60.0
        D:3 |      83 |       0 |   0.0 |      20 |       0 |   0.0
            +---------+---------+-------+---------+---------+-------
